 Dungeon Crawl Stone Soup version 0.22-a0-469-gf26638a71f (webtiles) character file.

2 Arsonius the Grasshopper (level 1, -2/9 HPs)
             Began as a Felid Warper on June 11, 2018.
             Slain by a gnoll
             ... wielding a +0 flail
              (8 damage)
             ... on level 1 of the Dungeon.
             The game lasted 00:01:17 (162 turns).

Arsonius the Grasshopper (Felid Warper)              Turns: 162, Time: 00:01:17

Health: -2/9       AC:  1    Str:  7    XL:     1   Next: 25%
Magic:  4/4        EV: 18    Int: 14    God:
Gold:   7          SH:  0    Dex: 15    Spells: 4/4 levels left
                                        Lives:  0   Deaths: 0

rFire    . . .     SeeInvis +     - Unarmed
rCold    . . .     Gourm    .   (shield unavailable)
rNeg     . . .     Faith    .   (armour unavailable)
rPois    .         Spirit   .   (helmet unavailable)
rElec    .         Reflect  .   (cloak unavailable)
rCorr    .         Harm     .   (gloves unavailable)
MR       .....                  (boots unavailable)
Stlth    ++........             (no amulet)
HPRegen  0.03/turn              (no ring)
MPRegen  0.09/turn              (no ring)

@: quick
A: very small, no armour, no weapons or thrown items, stealth, claws 1, fangs 3,
see invisible, carnivore, speed 1, shaggy fur 1, slow metabolism 1, sharp paws
a: no special abilities


You were on level 1 of the Dungeon.
You were not hungry.

You visited 1 branch of the dungeon, and saw 1 of its levels.

You collected 7 gold pieces.

Inventory:

Scrolls
 b - a scroll of blinking
 d - a scroll of remove curse {unknown}
Potions
 a - 2 potions of might {unknown}
Comestibles
 c - 4 rations


   Skills:
 - Level 2.0 Fighting
 - Level 3.2 Dodging
 + Level 0.1 Stealth
 + Level 2.1 Unarmed Combat
 + Level 2.0 Spellcasting
   Level 4.4 Translocations


You had 4 spell levels left.
You didn't know any spells.
Your spell library contained the following spells:

 Spells                   Type           Power        Failure   Level  Hunger
 Teleport Other           Tloc           ##......     12%         3    ####...
 Blink                    Tloc           N/A          6%          2    ###....
 Passage of Golubria      Tloc           N/A          36%         4    #####..
 Shroud of Golubria       Chrm/Tloc      #.........   14%         2    ###....
 Gell's Gravitas          Tloc           ##........   12%         3    ####...
 Lesser Beckoning         Tloc           ##........   12%         3    ####...


Dungeon Overview and Level Annotations

Branches:
Dungeon (1/15)

Altars:


Innate Abilities, Weirdness & Mutations

You cannot wear armour.
You are incapable of wielding weapons or throwing items.
Your paws allow you to move quietly. (Stealth)
You have sharp claws.
You have razor-sharp teeth.
You have supernaturally acute eyesight. (SInv)
You are carnivorous and can eat meat at any time.
You cover ground quickly.
You are covered in fur. (AC +1)
You have a slow metabolism.
Your sharp claws are effective at attacking unaware monsters.


Message History

c - 3 rations (gained 1) Eating a chunk of flesh.
You eat the chunk of flesh.
This raw flesh tastes great.
a - 2 bubbling golden potions
Found a dagger.
d - a scroll labeled IXAETO MORCHI You now have 7 gold pieces.
c - 4 rations (gained 1)
A gnoll comes into view. It is wielding a flail.
You see here a ruby potion.
The helpless gnoll fails to defend itself.
You scratch the gnoll.
The gnoll is moderately wounded.
The gnoll hits you with a flail.
You scratch the gnoll but do no damage. You claw the gnoll.
Your bite misses the gnoll.
The gnoll is severely wounded.
The gnoll hits you with a flail!
Ouch! That really hurt!
You die...

###........#..#............
....###...............#.###
....# #.####..#.#####.#
....###.......#.# .#
###.....#####.#.# ..
###.### #.#.# #. #.# #.#.#
.# #.# #.#.#######. ...
#...@g...... #.#
###########. #.# ..# #.#


You could see a gnoll.

Vanquished Creatures
  A bat (D:1)
  A frilled lizard (D:1)
  A rat (D:1)
3 creatures vanquished.

Notes
Turn   | Place    | Note
-------+----------+-------------------------------------------
     0 | D:1      | Arsonius the Felid Warper began the quest for the Orb.
     0 | D:1      | Reached XP level 1. HP: 9/9 MP: 4/4
   162 | D:1      | Slain by a gnoll

Vault maps used:
D:1:      ncdulo_wetmaze, serial_park_tiny_pond

Action                   || total
-------------------------++-------
Melee: Unarmed           ||     7
       Punch             ||     1
 Stab: Sleeping          ||     1
  Eat: Chunk             ||     1
Dodge: Dodged            ||     2

Table legend:
 A = Spawn XP
 B = Non-spawn XP
 C = Spawn XP percentage of total XP
 D = Spawn monster count
 E = Non-spawn monster count
 F = Spawn count percentage of total count
 G = Total turns spent on level
                    A         B        C        D         E        F      G
               +---------+---------+-------+---------+---------+-------+---------
         Total |       0 |       3 |   0.0 |       0 |       3 |   0.0 |   162
               +---------+---------+-------+---------+---------+-------+---------
           D:1 |       0 |       3 |   0.0 |       0 |       3 |   0.0 |   162
               +---------+---------+-------+---------+---------+-------+---------
